 Dungeon Crawl Stone Soup version 0.30-a0-377-g5cb311bc9f (webtiles) character file.

Game seed: 6424720337269596126

2429 Chaicat the Protected (level 9, -6/83 HPs)
             Began as a Minotaur Fighter on Nov 30, 2022.
             Mangled by a spriggan
             ... wielding a +0 trident
              (8 damage)
             ... in a bailey.
             The game lasted 00:14:55 (6085 turns).

Chaicat the Protected (Minotaur Fighter)            Turns: 6085, Time: 00:14:56

Health: -6/83      AC: 16    Str: 24    XL:     9   Next: 24%
Magic:  0/8        EV:  8    Int:  5    God:
Gold:   501        SH:  6    Dex: 11    Spells: 8/8 levels left

rFire   . . .      SeeInvis .    i - +1 war axe (vamp)
rCold   . . .      Faith    .    c - +1 buckler
rNeg    . . .      Spirit   +    w - +0 chain mail
rPois   .          Reflect  .    (helmet restricted)
rElec   .          Harm     .    x - +0 cloak
rCorr   .          Rampage  .    p - +1 pair of gloves
Will    .....                    b - +0 pair of boots
Stlth   ..........               v - amulet of guardian spirit
HPRegen 0.33/turn                (no ring)
MPRegen 0.11/turn                (no ring)

@: about to teleport, attractive
A: horns 2, retaliatory headbutt
a: no special abilities


You were in a bailey.
You visited 1 branch of the dungeon, and saw 7 of its levels.
You also visited: Bailey.

You collected 501 gold pieces.

Inventory:

Hand Weapons
 a - a +1 spectral war axe
 h - a +2 antimagic flail
 i - a +1 vampiric war axe (weapon)
Armour
 b - a +0 pair of boots (worn)
 c - a +1 buckler (worn)
 p - a +1 pair of gloves (worn)
 w - a +0 chain mail (worn)
 x - a +0 cloak (worn)
Jewellery
 v - an amulet of guardian spirit (around neck)
Wands
 o - a wand of flame (3)
 u - a wand of iceblast (2)
Scrolls
 k - a scroll of enchant weapon
 q - a scroll of teleportation
 t - 2 scrolls of brand weapon
Potions
 e - 2 potions of mutation {unknown}
 f - 9 potions of curing
 g - 2 potions of attraction
 j - a potion of lignification {unknown}
 l - a potion of cancellation {unknown}
 m - 3 potions of ambrosia
 n - a potion of haste
 s - a potion of brilliance {unknown}
 z - a potion of flight {unknown}
 A - a potion of heal wounds {unknown}


   Skills:
 + Level 9.2 Fighting
 + Level 8.7 Axes
 + Level 9.2 Armour
 - Level 5.0 Shields


You had 8 spell levels left.
You didn't know any spells.
Your spell library contained the following spells:

 Spells                   Type           Power      Damage    Failure   Level
 Beastly Appendage        Tmut           0%         N/A       98%         1
 Kiss of Death            Conj/Necr      0%         2d5       98%         1
 Wereblood                Tmut           0%         N/A       99%         2
 Confusing Touch          Hex            0%         N/A       100%        3
 Spider Form              Tmut/Pois      0%         N/A       100%        3
 Dispel Undead            Necr           0%         3d6       100%        4


Dungeon Overview and Level Annotations

Branches:
Dungeon (7/15)             Bailey (1/1)
 Temple: D:4-7

Altars:
Gozag
Okawaru

Annotations:
D:5 2 transporters, baller8008's ghost, novice MiFi


Innate Abilities, Weirdness & Mutations

You have a pair of horns on your head.
You reflexively headbutt those who attack you in melee.


Message History

You are too injured to fight recklessly!
You are too injured to fight recklessly!
Unknown command.
You are too injured to fight recklessly!
Aiming: Iceblast
Press: ? - help, Q - select action, (/) - cycle Shift-Dir - straight line, f - spriggan
Aim: a spriggan, wielding a +0 trident (moderately wounded) That beam is likely to hit you.
Continue anyway?
Okay, then.
Aiming: Iceblast
Press: ? - help, Q - select action, (/) - cycle Shift-Dir - straight line, f - spriggan, p - spriggan
Aim: a spriggan, wielding a +0 spear The mass of ice explodes!
The iceblast engulfs the spriggan!
The spriggan is severely wounded.
The iceblast engulfs the spriggan!!
You kill the spriggan!
You hear a splash.
The iceblast engulfs the spriggan!
The spriggan is moderately wounded.
The iceblast engulfs the two-headed ogre!
The two-headed ogre is moderately wounded.
The ogre shouts!
You hear a shout!
The spriggan hits you from afar with a +0 trident!
* * * LOW HITPOINT WARNING * * *
Okay, then.
It was a potion of attraction.
You feel attractive to monsters.
The spriggan hits you but does no damage.
The spriggan is attracted toward you.
The two-headed ogre is attracted toward you.
The ogre is attracted toward you.
Blink to where?
Press: ? - help, Q - select action, (/) - cycle Dir - move target
As you read the scroll of blinking, it crumbles to dust.
The spriggan is attracted toward you.
As you read the scroll of teleportation, it crumbles to dust.
You feel strangely unstable.
The spriggan hits you from afar with a +0 trident!
You die...

#.O)O§♣
♣..~~~.. #.O~#
♣..~~~.. #.§.♣
#..~~~.. #...♣
♣#..###..
##..## ♣#..##
#.. ##..##
♣♣..## ##.
##.i###♣♣##..##
##
##....)....## #
##@...)))##
#########


You could see an ogre and a spriggan.

Vanquished Creatures
  2 spriggans (Bailey)
  An ice beast (D:6)
  An orc warrior (D:6)
  A sky beast (D:7)
  A black bear (D:5)
  8 ogres
  A phantom (D:6)
  A kobold brigand (D:6)
  2 necrophages (D:5)
  3 scorpions
  A howler monkey (D:4)
  The ghost of bande the Shield-Bearer, a weakling GrFi (D:3)
  A jelly (D:6)
  A gnoll bouda (D:6)
  2 hounds
  3 orc priests
  Crazy Yiuf (D:5)
  Ijyb (D:5)
  An iguana (D:6)
  An orc wizard (D:5)
  6 adders
  3 gnolls (D:6)
  A shadow imp (D:6)
  4 white imps (D:6)
  3 ufetubi
  A worm (D:3)
  2 dart slugs
  26 orcs
  5 endoplasms
  2 giant cockroaches (D:2)
  9 hobgoblins
  4 jackals (D:4)
  A quokka (D:4)
  9 ball pythons
  5 bats
  4 frilled lizards
  7 goblins
  11 kobolds
  5 rats
142 creatures vanquished.

Vanquished Creatures (others)
  A fungus (D:3)
  3 toadstools (D:3)
4 creatures vanquished.

Grand Total: 146 creatures vanquished

Notes
Turn   | Place    | Note
-------+----------+-------------------------------------------
     0 | D:1      | Chaicat the Minotaur Fighter began the quest for the Orb.
     0 | D:1      | Reached XP level 1. HP: 19/19 MP: 0/0
   249 | D:1      | Reached XP level 2. HP: 27/27 MP: 1/1
   830 | D:2      | Reached XP level 3. HP: 33/33 MP: 2/2
  1182 | D:3      | Noticed an ogre
  1188 | D:3      | Killed an ogre
  1189 | D:3      | Reached XP level 4. HP: 4/41 MP: 3/3
  1332 | D:3      | Found an iron altar of Okawaru.
  1333 | D:3      | Found an opulent altar of Gozag.
  1634 | D:3      | Reached XP level 5. HP: 47/47 MP: 4/4
  1814 | D:3      | Found a large runed translucent door.
  1815 | D:3      | Found a large runed translucent door.
  1817 | D:3      | Noticed bande's ghost (weakling GrFi)
  1881 | D:3      | Killed bande's ghost
  2021 | D:4      | Reached skill level 5 in Fighting
  2021 | D:4      | Reached skill level 5 in Shields
  2024 | D:4      | Noticed an ogre
  2025 | D:4      | Reached skill level 5 in Armour
  2033 | D:4      | Killed an ogre
  2034 | D:4      | Reached XP level 6. HP: 20/56 MP: 5/5
  2729 | D:5      | Entered Level 5 of the Dungeon
  2759 | D:5      | Reached skill level 5 in Axes
  2786 | D:5      | Reached XP level 7. HP: 39/62 MP: 4/6
  3090 | D:5      | Noticed Ijyb
  3099 | D:5      | Killed Ijyb
  3203 | D:5      | Identified the +9 rapier "Giantbane" {antimagic, rCorr
                  | Str+4 Int+3}
  3219 | D:5      | Found a transporter.
  3219 | D:5      | Noticed baller8008's ghost (novice MiFi)
  3457 | D:5      | Found a transporter.
  3803 | D:5      | Found a runed translucent door.
  3804 | D:5      | Noticed Crazy Yiuf
  4008 | D:5      | Killed Crazy Yiuf
  4181 | D:6      | Reached XP level 8. HP: 65/73 MP: 7/7
  5283 | D:6      | Identified the +7 short sword "Oshuimm" {pain, Dex+3}
  5636 | D:7      | Found a flagged portal.
  5678 | D:7      | HP: 3/75 [poisoned by a kobold brigand (curare-tipped
                  | dart)]
  5679 | Bailey   | Entered a bailey
  5913 | Bailey   | Reached XP level 9. HP: 36/82 MP: 2/8
  6079 | Bailey   | Noticed a two-headed ogre
  6082 | Bailey   | HP: 1/83 [spriggan/+0 trident (10)]
  6085 | Bailey   | Mangled by a spriggan

Illustrated notes

Levels and vault maps discovered:
D:1:      minmay_arrival_wavy_path, layout_rooms, nicolae_figureground_sparkle
D:2:      layout_basic, kennysheep_generic_room_6
D:3:      layout_basic, grunt_temple_overflow_open, ebering_ghost_disaster_area,
          minmay_gold_behind_fungi
D:4:      layout_cave_pools, grunt_decor_resistance
D:5:      layout_gridville, gammafunk_ghost_arena, uniq_ijyb,
          uniq_crazy_yiuf_cottage
D:6:      layout_basic, eino_small_chamber_without_monster
D:7:      layout_cave_pools, minmay_temple_entry_trees, enter_bailey_5
Bailey:   bailey_polearm_enchanted_keep_hellmonk, bailey

Skill      XL: |  1  2  3  4  5  6  7  8  9 |
---------------+----------------------------+-----
Shields        | 4 5 |  5.0
Armour         | 4 5 6 7 8 9 |  9.2
Fighting       | 4 5 7 8 9 |  9.2
Axes           | 3 4 5 6 8 |  8.7

Action                   |  1- 3 |  4- 6 |  7- 9 || total
-------------------------+-------+-------+-------++-------
Melee: War axe           |    62 |    92 |   177 ||   331
       Headbutt          |     7 |    15 |    24 ||    46
Evoke: Wand              |       |       |     1 ||     1
  Use: Scroll            |     6 |     3 |     6 ||    15
       Potion            |     1 |       |     2 ||     3
Armor: Scale mail        |    32 |    37 |    59 ||   128
       Chain mail        |       |       |    41 ||    41
Dodge: Dodged            |    26 |    45 |    77 ||   148
Block: Buckler           |    16 |    33 |    56 ||   105

Table legend: (Time is in decaauts)
 A = Elapsed time spent in this place.
 B = Non-inter-level travel time spent in this place.
 C = Inter-level travel time spent in this place.
 D = Time resting spent in this place.
 E = Time spent auto-exploring this place.
 F = Levels seen in this place.
 G = Mean time per level.
                   A        B        C        D        E       F      G
               +--------+--------+--------+--------+--------+-----+--------+
         Total |   6202 |   5907 |    295 |   1184 |   3793 |   8 |  775.2 |
       Dungeon |   5777 |   5482 |    295 |    824 |   3766 |   7 |  825.3 |
        Bailey |    425 |    425 |      0 |    360 |     26 |   1 |  425.0 |
               +--------+--------+--------+--------+--------+-----+--------+

Top non-repeatable levels by time:
     D:5: 1436 daAuts
     D:6: 1314 daAuts
     D:3: 942 daAuts
     D:4: 635 daAuts
     D:1: 608 daAuts
     D:2: 596 daAuts
  Bailey: 425 daAuts
     D:7: 244 daAuts
